 Dungeon Crawl Stone Soup version 0.30.1-9-gdf580d7c3d (webtiles) character file.

Game seed: 8267455055933991028

1600774 LordWeiramon the Portalist (level 27, 235/235 HPs)
             Began as a Gnoll Venom Mage on Sept 22, 2023.
             Was the Champion of Ashenzari.
             Escaped with the Orb
             ... and 3 runes on Sept 24, 2023!
             The game lasted 09:04:00 (79180 turns).

LordWeiramon the Portalist (Gnoll Venom Mage)      Turns: 79180, Time: 09:04:00

Health: 235/235    AC: 35    Str: 15    XL:     27
Magic:  45/45      EV: 38    Int: 12    God:    Ashenzari [******]
Gold:   3724       SH: 34    Dex: 38    Spells: 23/73 levels left

rFire   + + +        a - +9 eudemon blade of the Sublime Omen {holy, Melee, Fort} (curse)
rCold   + + .        s - +5 kite shield of the Omniscient Sky {rC+, Cun, Alch} (curse)
rNeg    + + .        i - +4 fire dragon scales of the Revealing Paranoia {rF++ rC-, Fort, Comp} (curse)
rPois   +            b - +2 helmet of the Restrained Moon {rN++ Int-5 Dex+2, Melee, Self} (curse)
rElec   +            H - +2 cloak "Jealousy of Ashenzari" {rCorr, Evo, Bglg} (curse)
rCorr   +            p - +1 pair of gloves of the Cursed Yoke {rPois Int-2 Dex+6, Evo, Cun} (curse)
SInv    +            w - +2 pair of boots of the Unyielding Gaze {Fly, Range, Cun} (curse)
Will    ++...        m - brooch of Shielding {Spirit SH+8, Self, Bglg} (curse)
Stlth   +++          u - ring of the Visionary Sun {rF+ rC+ Str+6 Dex+5, Cun, Evo} (curse)
HPRegen 0.59/turn    r - ring of Star-Bound Wisdom {rElec rC+ Int+4, Melee, Evo} (curse)
MPRegen 0.29/turn

%: clarity, guardian spirit
@: flying, studying Summonings
A: fangs 1, strong nose, distributed training, talons 1, low MP 1
0: Orb of Zot
}: 3/15 runes: barnacled, silver, gossamer
a: Renounce Religion, Shatter the Chains


You escaped.
You worshipped Ashenzari.
Ashenzari was exalted by your worship.
You visited 11 branches of the dungeon, and saw 51 of its levels.
You visited 1 bazaar.
You also visited: Trove, Sewer, Bailey, Ice Cave and Wizlab.

You collected 9849 gold pieces.
You spent 6125 gold pieces at shops.

Inventory:

Hand Weapons
 a - the cursed +9 eudemon blade of the Sublime Omen (weapon) {holy, Melee, Fort}
   (You took it off Mennas on level 2 of the Crypt)

   It has a curse which improves the following skills: Melee Combat: Short
   Blades, Long Blades, Axes, Maces & Flails, Polearms, Staves and Unarmed
   Combat.
   Fortitude: Armour and Shields.
Missiles
 z - 17 curare-tipped darts
 Q - 5 throwing nets (quivered)
Armour
 b - the cursed +2 helmet of the Restrained Moon (worn) {rN++ Int-5 Dex+2, Melee, Self}
   (You found it on level 1 of the Vaults)

   Int:       It affects your intelligence (-5).
   Dex:       It affects your dexterity (+2).
   rN:        It greatly protects you from negative energy.
   It has a curse which improves the following skills: Melee Combat: Short
   Blades, Long Blades, Axes, Maces & Flails, Polearms, Staves and Unarmed
   Combat.
   Introspection: Fighting and Spellcasting.
 i - the cursed +4 fire dragon scales of the Revealing Paranoia (worn) {rF++ rC-, Fort, Comp}
   (You found it on level 15 of the Dungeon)

   rF:        It greatly protects you from fire.
   rC:        It makes you vulnerable to cold.
   It has a curse which improves the following skills: Fortitude: Armour and
   Shields.
   Companions: Summonings and Necromancy.
 p - the cursed +1 pair of gloves of the Cursed Yoke (worn) {rPois Int-2 Dex+6, Evo, Cun}
   (You found it in a treasure trove)

   Int:       It affects your intelligence (-2).
   Dex:       It affects your dexterity (+6).
   rPois:     It protects you from poison.
   It has a curse which improves the following skills: Evocations: Evocations.
   Cunning:   Dodging and Stealth.
 s - the cursed +5 kite shield of the Omniscient Sky (worn) {rC+, Cun, Alch}
   (You found it in an ice cave)

   It has a curse which improves the following skills: Cunning: Dodging and
   Stealth.
   Alchemy:   Poison Magic and Transmutations.
 w - the cursed +2 pair of boots of the Unyielding Gaze (worn) {Fly, Range, Cun}
   (You found it in a treasure trove)

   It has a curse which improves the following skills: Ranged Combat: Ranged
   Weapons and Throwing.
   Cunning:   Dodging and Stealth.
 H - the cursed +2 cloak "Jealousy of Ashenzari" (worn) {rCorr, Evo, Bglg}
   (You found it in a treasure trove)

   It has a curse which improves the following skills: Evocations: Evocations.
   Beguiling: Conjurations, Hexes and Translocations.
Jewellery
 m - the cursed brooch of Shielding (around neck) {Spirit SH+8, Self, Bglg}
   (You acquired it on level 3 of the Shoals)

   [amulet of guardian spirit]

   It causes incoming damage to be divided between your reserves of health and
   magic.
   SH:        It affects your SH (+8).
   It has a curse which improves the following skills: Introspection: Fighting
   and Spellcasting.
   Beguiling: Conjurations, Hexes and Translocations.
 r - the cursed ring of Star-Bound Wisdom (right hand) {rElec rC+ Int+4, Melee, Evo}
   (You found it on level 1 of the Elven Halls)

   [ring of protection from cold]

   Int:       It affects your intelligence (+4).
   rC:        It protects you from cold.
   rElec:     It insulates you from electricity.
   It has a curse which improves the following skills: Melee Combat: Short
   Blades, Long Blades, Axes, Maces & Flails, Polearms, Staves and Unarmed
   Combat.
   Evocations: Evocations.
 u - the cursed ring of the Visionary Sun (left hand) {rF+ rC+ Str+6 Dex+5, Cun, Evo}
   (You bought it in a shop on level 2 of the Elven Halls)

   [ring of strength]

   Str:       It affects your strength (+6).
   Dex:       It affects your dexterity (+5).
   rF:        It protects you from fire.
   rC:        It protects you from cold.
   It has a curse which improves the following skills: Cunning: Dodging and
   Stealth.
   Evocations: Evocations.
 T - the ring "Othiw" {Will+ Str+6 Int+2}
   (You took it off a deep elf sorcerer on level 3 of the Elven Halls)

   [ring of strength]

   Str:       It affects your strength (+6).
   Int:       It affects your intelligence (+2).
   Will:      It increases your willpower.
Wands
 c - a wand of charming (72)
 j - a wand of roots (67)
 B - a wand of mindburst (33)
 J - a wand of polymorph (62)
 K - a wand of flame (168)
 P - a wand of digging (34)
 V - a wand of acid (39)
Scrolls
 d - 8 scrolls of fog
 h - 9 scrolls of poison
 k - 3 scrolls of silence
 l - 8 scrolls of blinking
 o - 4 scrolls of amnesia
 y - 12 scrolls of fear
 D - 3 scrolls of magic mapping
 E - 29 scrolls of teleportation
 I - 6 scrolls of butterflies
 O - a scroll of enchant armour
Potions
 e - 7 potions of resistance
 f - 12 potions of mutation
 g - 9 potions of brilliance
 q - 23 potions of ambrosia
 t - 27 potions of curing
 v - 2 potions of invisibility
 x - 5 potions of magic
 A - 16 potions of heal wounds
 C - 8 potions of might
 F - 14 potions of flight
 G - 3 potions of haste
 L - 3 potions of berserk rage
 N - 8 potions of cancellation
Miscellaneous
 n - a lightning rod (4/4)
 M - a phial of floods
 S - a box of beasts
 X - a phantom mirror
 Z - a condenser vane


   Skills:
 + Level 19.8(23.1) Fighting
 + Level 19.8(24.2) Short Blades
 + Level 19.8(24.2) Long Blades
 + Level 19.8(24.2) Axes
 + Level 19.8(24.2) Maces & Flails
 + Level 19.8(24.2) Polearms
 + Level 19.8(24.2) Staves
 + Level 19.8(22.0) Ranged Weapons
 + Level 19.8(22.0) Throwing
 + Level 19.8(23.1) Armour
 + Level 20.2(25.6) Dodging
 + Level 20.2(25.5) Stealth
 + Level 19.8(23.1) Shields
 + Level 19.8(24.2) Unarmed Combat
 + Level 20.3(23.6) Spellcasting
 + Level 16.9(20.3) Conjurations
 + Level 16.9(20.3) Hexes
 + Level 20.3(22.4) Summonings
 + Level 16.9(19.2) Necromancy
 + Level 21.7(24.9) Translocations
 + Level 17.0(19.3) Transmutations
 + Level 16.9 Fire Magic
 + Level 16.9 Ice Magic
 + Level 16.9 Air Magic
 + Level 16.9 Earth Magic
 + Level 17.7(19.9) Poison Magic
 + Level 21.4 Invocations
 + Level 19.8(25.2) Evocations


You had 23 spell levels left.
You knew the following spells:

 Your Spells              Type           Power      Damage    Failure   Level
a - Passwall              Tmut/Erth      45%        N/A       0%          2
b - Passage of Golubria   Tloc           65%        N/A       0%          4
c - Mephitic Cloud        Conj/Pois/Air  56%        N/A       0%          3
d - Magic Dart            Conj           100%       1d8       0%          1
e - Summon Forest         Summ/Tloc      31%        N/A       0%          5
f - Ensorcelled Hibernat  Hex/Ice        100%       N/A       0%          2
g - Apportation           Tloc           100%       N/A       0%          1
h - Iron Shot             Conj/Erth      28%        9d6       1%          6
i - Freezing Cloud        Conj/Ice/Air   27%        6-21      1%          5
j - Summon Cactus Giant   Summ           31%        N/A       1%          6
k - Tukima's Dance        Hex            58%        N/A       0%          3
l - Malign Gateway        Summ/Tloc      31%        N/A       1%          7
s - Silence               Hex/Air        28%        N/A       1%          5

Your spell library contained the following spells:

 Spells                   Type           Power      Damage    Failure   Level
 Foxfire                  Conj/Fire      100%       2x1d9     0%          1
 Freeze                   Ice            100%       1d10      0%          1
 Kiss of Death            Conj/Necr      100%       2d13      0%          1
 Necrotise                Necr           100%       1d9       0%          1
 Shock                    Conj/Air       100%       1d9       0%          1
 Sting                    Tmut/Pois      100%       1d8       0%          1
 Summon Small Mammal      Summ           100%       N/A       0%          1
 Call Imp                 Summ           100%       N/A       0%          2
 Cigotuvi's Dreadful Rot  Necr/Pois/Air  100%       N/A       0%          2
 Lesser Beckoning         Tloc           100%       N/A       0%          2
 Poisonous Vapours        Pois/Air       100%       N/A       0%          2
 Scorch                   Fire           100%       2d9       0%          2
 Searing Ray              Conj           100%       2d8       0%          2
 Static Discharge         Conj/Air       100%       2-7/arc   0%          2
 Sublimation of Blood     Necr           57%        N/A       0%          2
 Wereblood                Tmut           57%        N/A       0%          2
 Call Canine Familiar     Summ           62%        N/A       0%          3
 Dazzling Flash           Conj/Hex       100%       N/A       0%          3
 Gell's Gravitas          Tloc           65%        N/A       0%          3
 Hailstorm                Conj/Ice       56%        3d12      0%          3
 Ignite Poison            Fire/Tmut/Pois 56%        N/A       0%          3
 Inner Flame              Hex/Fire       56%        N/A       0%          3
 Portal Projectile        Hex/Tloc       100%       N/A       0%          3
 Spider Form              Tmut/Pois      57%        N/A       0%          3
 Stone Arrow              Conj/Erth      100%       3d13      0%          3
 Summon Guardian Golem    Hex/Summ       60%        N/A       0%          3
 Teleport Other           Tloc           65%        N/A       0%          3
 Vampiric Draining        Necr           57%        2d10      0%          3
 Vhi's Electric Charge    Tloc/Air       100%       N/A       0%          3
 Volatile Blastmotes      Fire/Tloc      100%       2d18      0%          3
 Iskenderun's Mystic Bla  Conj/Tloc      62%        2d13      0%          4
 Frozen Ramparts          Ice            100%       1d16      1%          3
 Ozocubu's Armour         Ice            53%        N/A       1%          3
 Swiftness                Air            53%        N/A       1%          3
 Airstrike                Air            26%        2d(4-20)  1%          4
 Anguish                  Hex/Necr       28%        N/A       1%          4
 Animate Dead             Necr           57%        N/A       1%          4
 Cause Fear               Hex            29%        N/A       1%          4
 Dispel Undead            Necr           57%        3d20      1%          4
 Flame Wave               Conj/Fire      56%        2d13      1%          4
 Fulminant Prism          Conj/Hex       29%        3d13      1%          4
 Ice Form                 Ice/Tmut       55%        N/A       1%          4
 Olgreb's Toxic Radiance  Pois           58%        N/A       1%          4
 Sticky Flame             Conj/Fire      56%        2d7       1%          4
 Summon Ice Beast         Ice/Summ       57%        N/A       1%          4
 Summon Lightning Spire   Summ/Air       57%        N/A       1%          4
 Agony                    Necr           57%        N/A       1%          5
 Alistair's Intoxication  Tmut/Pois      38%        N/A       1%          5
 Arcjolt                  Conj/Air       28%        1d38      1%          5
 Blade Hands              Tmut           28%        N/A       1%          5
 Borgnjor's Vile Clutch   Necr/Erth      27%        N/A       1%          5
 Fireball                 Conj/Fire      28%        3d12      1%          5
 Irradiate                Conj/Tmut      29%        3d21      1%          5
 Iskenderun's Battlesphe  Conj           58%        2d11      1%          5
 Lee's Rapid Deconstruct  Erth           26%        3d14*     1%          5
 Summon Mana Viper        Hex/Summ       60%        N/A       1%          5
 Conjure Ball Lightning   Conj/Air       28%        3x3d8     1%          6
 Death Channel            Necr           28%        N/A       1%          6
 Eringya's Noxious Bog    Tmut/Pois      28%        N/A       1%          6
 Plasma Beam              Fire/Air       26%        2x1d42    1%          6
 Simulacrum               Ice/Necr       27%        N/A       1%          6
 Starburst                Conj/Fire      28%        6d9       1%          6
 Enfeeble                 Hex            29%        N/A       1%          7
 Orb of Destruction       Conj           29%        9d9       1%          7
 Spellforged Servitor     Conj/Summ      30%        N/A       1%          7
 Summon Hydra             Summ           31%        N/A       1%          7
 Disjunction              Tloc           32%        N/A       1%          8
 Storm Form               Tmut/Air       27%        N/A       4%          7
 Summon Horrible Things   Summ           31%        N/A       5%          8
 Ozocubu's Refrigeration  Ice            26%        4d13      7%          7
 Discord                  Hex            29%        N/A       13%         8
 Borgnjor's Revivificati  Necr           28%        N/A       21%         8
 Lehudib's Crystal Spear  Conj/Erth      28%        10d7      26%         8
 Ignition                 Fire           26%        3d9       45%         8
 Maxwell's Capacitive Co  Air            26%        ∞         45%         8
 Chain Lightning          Conj/Air       28%        3d37      99%         9
 Fire Storm               Conj/Fire      28%        8d7       99%         9
 Polar Vortex             Ice            26%        N/A       100%        9
 Shatter                  Erth           26%        3d22*     100%        9


Dungeon Overview and Level Annotations

Branches:
Dungeon (15/15)            Temple (1/1) D:4            Lair (5/5) D:8
 Shoals (4/4) Lair:3       Spider (4/4) Lair:2        Slime (0/5) Lair:4
    Orc (2/2) D:12            Elf (3/3) Orc:2        Vaults (5/5) D:14
  Crypt (3/3) Vaults:3       Tomb (0/3) Crypt:3      Depths (4/4) D:15
    Zot (5/5) Depths:4      Sewer (visited)          Bailey (visited)
  IceCv (visited)          WizLab (visited)

Altars:
Ashenzari
Cheibriados
Dithmenos
Elyvilon
Fedhas
Gozag
Hepliaklqana
Kikubaaqudgha
Makhleb
Nemelex Xobeh
Okawaru
Qazlal
Ru
Sif Muna
Trog
Uskayaw
Vehumet
Wu Jian
Xom
Yredelemnul
Zin
The Shining One
Jiyva

Shops:
D:1 :   D:12 [(   Orc:2 [**(   Elf:2 =   Vaults:2 =   Depths:2 [   Depths:4 [*

Portals:
Hell: Depths:1 Depths:2 Depths:3 Depths:4
Abyss: Lair:3 Depths:3
Pandemonium: Depths:2 Depths:4
Ziggurat: Depths:2

Annotations:
D:10 exclusion: 2 obsidian statues
Lair:3 2 transporters, laqueoix's ghost, journeyman DsGl
Spider:1 Esekla's ghost, journeyman DEWn; Roxanne; gdog's ghost, adept GnDe
Vaults:4 4 transporters


Innate Abilities, Weirdness & Mutations

You have very sharp teeth.
Your uncanny sense of smell can sniff out nearby items.
Your experience applies equally to all skills.
You have sharp toenails.
Your magical capacity is low. (-10% MP)


Message History

(V) Vaults (C) Crypt (W) Tomb (U) Depths (H) Hell (Z) Zot
Where to? (Enter - D:1, ? - help)
A Wokuqov, a cacodemon, an orange demon and a small abomination come into view.
The small abomination moves out of view.
There is a stone staircase leading up here.
The cacodemon gestures next to Wokuqov.
You hear a grinding noise.
Wokuqov gestures at you.
You are slowing down.
You fly upwards.
You have turned to stone.
You turn to flesh and can move again.
There is a stone staircase leading down here.
Okay, then.
Unknown command.
(D) Dungeon (T) Temple (L) Lair (A) Shoals (N) Spider Nest (M) Slime Pits (O) Orcish Mines (E) Elven Halls (V) Vaults (C) Crypt (W) Tomb (U) Depths (H) Hell (Z) Zot
Where to? (Enter - D:1, ? - help)
You see here a +0 leather armour.
There is a stone staircase leading up here.
You see here a +0 robe.
You fly upwards.
There is a stone staircase leading down here.
There is a stone staircase leading up, spattered with blood here.
You fly upwards.
There is a stone staircase leading down here.
You see here a +0 club.
You sense a monster nearby.
(D) Dungeon (T) Temple (L) Lair (A) Shoals (N) Spider Nest (M) Slime Pits (O) Orcish Mines (E) Elven Halls (V) Vaults (C) Crypt (W) Tomb (U) Depths (H) Hell (Z) Zot
Where to? (Enter - D:1 @ (x,y), ? - help)
Okay, then.
There is an open door here.
There is an open door here.
There is a staircase leading out of the dungeon here.
You have escaped!

...#...........###........#######
.#....#.......## ##.......#
...#..........# #.......#
.#..###.......## ##.......# ...##
#........###........# ...#
#...................# ..##
##..###.........###..# ####
...###..## ##.......## ##.# #...
.#......# #..[@...# #.## #.##
###.....## ##.......## ##..###.##
.#.......###.........###.......#.
...##.....................###...#
#.#####........###........# #..#.
#.# #.......## ##.......# #..##
#.#####.......# #.......###....
.....##.......## ##........##.###
......#........###.........##.#..


There were no monsters in sight!

Vanquished Creatures
  5 dread liches
  6 orbs of fire
  Khufu (Crypt:1)
  Mennas (Crypt:2)
  2 ancient liches
  A juggernaut (Depths:2)
  2 royal mummies (Crypt:1)
  Josephina (Depths:3)
  Boris (Vaults:4)
  Frederick (Vaults:4)
  7 Killer Klowns
  Bai Suzhen (Shoals:3)
  6 golden dragons
  A caustic shrike (Depths:1)
  2 curse toes
  2 profane servitors (Crypt:3)
  Nikola (Spider:1)
  4 electric golems
  A walking earthen tome (Depths:1)
  15 tentacled monstrosities
  Jorgrun (Elf:2)
  8 liches
  27 Orb Guardians
  A walking divine tome (Depths:3)
  3 deep elf master archers
  Asterion (Vaults:3)
  A deep elf blademaster (Elf:3)
  9 quicksilver dragons
  A walking frostbound tome (Depths:1)
  3 titans
  2 krakens
  13 ancient champions
  7 sphinxes
  9 death cobs
  A sphinx (shapeshifter) (Depths:3)
  Frances (Shoals:2)
  The ghost of Dyni Soq the Brawler, an adept TrMo of Nemelex Xobeh (Depths:1)
  Kirke (D:12)
  7 tengu reavers
  Ilsuiw (Shoals:3)
  9 draconian monks
  The ghost of Wano the Alchemist, an adept DrTm of Wu Jian (Shoals:3)
  11 storm dragons
  8 shadow dragons
  4 revenants
  3 emperor scorpions (Spider:4)
  9 fire giants
  9 draconian knights
  13 deep elf sorcerers
  14 frost giants
  17 vault wardens
  An iron dragon (Vaults:5)
  6 ghost moths
  Aizul (Elf:2)
  The ghost of Danienth the Severer, a journeyman MiFi of Okawaru (Elf:1)
  The ghost of Teryn the Envoy of Void, a journeyman DsAK of Lugonu (Shoals:2)
  An orc warlord (Vaults:3)
  8 draconian scorchers
  7 deep elf elementalists
  Louise (Depths:3)
  8 draconian stormcallers
  4 curse skulls
  6 ghouls
  A reaper (Crypt:3)
  3 spriggan defenders
  8 ironbound thunderhulks
  8 draconian annihilators
  11 draconian shifters
  A caustic shrike skeleton (Crypt:3)
  2 broodmothers (Spider:3)
  11 ironbound preservers
  A war gargoyle (Vaults:5)
  38 very ugly things
  19 stone giants
  8 deep elf demonologists
  The ghost of Zeor the Carver, a journeyman DsGl of Kikubaaqudgha (Orc:2)
  8 green draconians
  A stone giant (shapeshifter) (Vaults:5)
  10 vampire knights
  11 black draconians
  22 purple draconians
  16 deep elf annihilators
  2 spark wasps
  17 red draconians
  9 white draconians
  5 yellow draconians
  16 dire elephants
  A crystal guardian (Vaults:2)
  9 statues (WizLab)
  7 deep elf death magi
  6 eidola
  The ghost of Loveship the Thaumaturge, a journeyman DjCj of Ashenzari (D:11)
  7 merfolk impalers
  6 mummy priests
  3 spectral spriggans (Crypt:1)
  5 deep elf high priests
  6 fire dragons
  14 jiangshi
  8 yaktaur captains
  13 ettins
  4 merfolk javelineers
  35 vault guards
  A spriggan zombie (Crypt:3)
  A spectral fenstrider witch (Crypt:1)
  7 entropy weavers
  A peacekeeper (Vaults:2)
  3 rakshasas
  6 hydras
  5 great orbs of eyes
  6 ice dragons
  A hell beast (D:15)
  2 catoblepae
  A spriggan air mage (Depths:2)
  5 merfolk avatars
  2 ogre magi
  6 merfolk aquamancers
  2 alligator snapping turtles (Shoals:4)
  13 two-headed ogres
  13 centaur warriors
  6 ironbound frosthearts
  A jorogumo (Spider:2)
  4 boulder beetles
  4 death knights
  The ghost of gohan83 the Cleaver, a novice HOMo of Beogh (D:9)
  4 death yaks (Lair:5)
  26 dancing weapons
  12 deep troll shamans
  An azure jelly zombie (Crypt:1)
  An Orb Guardian skeleton (Crypt:1)
  A spectral storm dragon (Crypt:1)
  10 tengu warriors
  8 vampire magi
  3 orc high priests
  6 satyrs
  4 spriggan berserkers
  19 deep troll earth magi
  9 hell knights
  4 skysharks
  13 deep elf knights
  3 spectral dire elephants (Crypt:1)
  4 pharaoh ants
  8 shadow wraiths
  3 soul eaters
  7 sun moths
  A bunyip zombie (Crypt:3)
  13 iron trolls
  A spectral anaconda (Crypt:1)
  A goliath frog (shapeshifter) (Vaults:5)
  6 orb spiders
  A glowing orange brain (Depths:4)
  11 sea snakes
  4 shadow demons
  26 skeletal warriors
  A tengu zombie (Vaults:3)
  3 flayed ghosts
  11 wizards
  A steelbarb worm (shapeshifter) (Vaults:5)
  11 deep elf archers
  An obsidian statue (Crypt:1)
  48 deep trolls
  21 deep elf pyromancers
  7 necromancers
  13 harpies
  5 bog bodies
  3 orc knights (Orc:2)
  A harpy (shapeshifter) (D:14)
  10 phantasmal warriors
  8 steelbarb worms
  Pikel (D:9)
  15 ironbound convokers
  10 lindwurms
  A frost giant zombie (Vaults:5)
  22 deep elf zephyrmancers
  A jorogumo zombie (Crypt:1)
  A fire giant zombie (Vaults:2)
  3 stone giant zombies
  19 fauns
  A sphinx skeleton (Vaults:2)
  21 wolf spiders
  2 orc sorcerers
  A spectral fire dragon (Crypt:1)
  26 manticores
  A spectral ettin (Crypt:1)
  A moth of wrath (shapeshifter) (Vaults:5)
  17 cyclopes
  A shining eye (shapeshifter) (Vaults:5)
  2 black mambas
  2 ice statues
  36 ugly things
  33 elephants
  39 moths of wrath
  2 spectral centaurs (Crypt:1)
  A centaur zombie (Crypt:3)
  4 demonic crawlers
  16 merfolk sirens
  A frost giant skeleton (Crypt:2)
  2 rust devils
  2 rime drakes
  4 torpor snails
  16 vault sentinels
  An orange demon (Depths:2)
  3 human zombies
  5 cane toads
  An unseen horror (shapeshifter) (D:14)
  4 kobold demonologists
  8 komodo dragons
  An unseen horror (D:11)
  3 efreet
  7 freezing wraiths
  21 yaktaurs
  A steelbarb worm zombie (Crypt:2)
  A spectral harpy (Crypt:1)
  25 tengu conjurers
  14 guardian mummies
  An unseen horror skeleton (Crypt:3)
  A human skeleton (Vaults:5)
  A hellwing (Depths:2)
  A harpy zombie (Crypt:3)
  5 wind drakes
  An iron troll skeleton (Crypt:1)
  32 merfolk
  3 tengu simulacra
  A queen bee (Lair:3)
  6 meliai
  A mana viper skeleton (Crypt:3)
  8 trolls
  7 polar bears
  Prince Ribbit (Bailey)
  15 hornets
  26 tarantellas
  2 iron dragon simulacra (Depths:3)
  A shadow dragon simulacrum (Depths:3)
  13 snapping turtles
  20 dream sheep
  2 ettin zombies (Crypt:3)
  35 slime creatures
  12 blink frogs
  21 jumping spiders
  7 flying skulls
  A centaur simulacrum (D:14)
  A spectral black mamba (Crypt:1)
  2 air elementals
  A culicivora (shapeshifter) (Depths:3)
  A shadow (D:9)
  An ettin skeleton (Crypt:3)
  A vampire (D:10)
  22 spriggans
  6 wyverns
  30 water elementals
  A ynoxinul (Depths:4)
  2 satyr zombies (Crypt:3)
  A wind drake zombie (Crypt:2)
  3 humans (Bailey)
  5 wraiths
  24 culicivoras
  A dire elephant simulacrum (IceCv)
  A fire bat (shapeshifter) (Vaults:5)
  An ushabti (Crypt:3)
  4 basilisks
  A fire elemental (Elf:3)
  A basilisk (shapeshifter) (Elf:3)
  69 yaks
  A neqoxec (Depths:4)
  57 redbacks
  14 vampire mosquitoes
  A chaos spawn (Depths:4)
  A yaktaur simulacrum (Vaults:5)
  6 death yak simulacra
  4 wargs
  Menkaure (D:4)
  A glowing shapeshifter zombie (Vaults:3)
  Edmund (D:6)
  11 water moccasins
  A faun skeleton (Crypt:2)
  4 floating eyes
  3 acid dragons
  2 naga skeletons (Crypt:3)
  4 black bears
  Duvessa (D:4)
  37 orc warriors
  10 ogres
  3 ice beasts
  4 sky beasts
  A deep troll simulacrum (Vaults:3)
  A blink frog zombie (Crypt:2)
  10 boggarts
  22 wolves
  3 lemures (D:9)
  29 centaurs
  The ghost of Kurtz the Chopper, an amateur TeFi (D:4)
  2 phantoms (D:5)
  A draconian zombie (Crypt:2)
  3 kobold brigands
  14 bullfrogs
  An elf skeleton (Crypt:1)
  8 necrophages
  3 earth elementals (Elf:2)
  A salamander skeleton (Crypt:3)
  5 two-headed ogre simulacra (IceCv)
  A gnoll sergeant (D:8)
  8 scorpions
  6 cane toad simulacra
  A water moccasin skeleton (D:5)
  10 wights
  Dowan (D:4)
  A hornet simulacrum (D:15)
  An elephant simulacrum (IceCv)
  26 killer bees
  3 electric eels
  3 howler monkeys
  A hound (D:5)
  A human simulacrum (Vaults:2)
  15 orc priests
  A centaur skeleton (D:5)
  2 gnoll boudas
  Crazy Yiuf (D:2)
  A sleepcap (D:5)
  Natasha (thrice) (D:2)
  6 iguanas
  24 orc wizards
  A spriggan simulacrum (IceCv)
  A lightning spire (Zot:3)
  3 polar bear simulacra (IceCv)
  3 troll simulacra (IceCv)
  3 wolf simulacra (IceCv)
  An acid dragon zombie (Crypt:3)
  14 mummies
  Robin (D:2)
  A steam dragon zombie (Crypt:2)
  11 gnolls
  5 naga simulacra (IceCv)
  8 adders
  12 white imps
  7 ufetubi
  A worm zombie (Crypt:1)
  2 worms
  55 orcs
  A bat zombie (Crypt:2)
  4 endoplasms
  5 giant cockroaches
  15 goblins
  6 hobgoblins
  6 jackals
  6 quokkas
  3 ball pythons
  A ball python skeleton (Crypt:3)
  6 bats
  9 frilled lizards
  A jackal zombie (Crypt:3)
  16 kobolds
  2 kobold skeletons (Crypt:2)
  A quokka skeleton (Crypt:3)
  3 rats
2505 creatures vanquished.

Vanquished Creatures (collateral kills)
  Parghit (Zot:3)
  A stone giant (Depths:1)
  A vampire knight (Depths:1)
  An ugly thing (Depths:1)
  A merfolk (Shoals:4)
  A water moccasin (Sewer)
  A jelly (D:4)
7 creatures vanquished.

Vanquished Creatures (others)
  An eldritch tentacle (Zot:3)
  A draconian knight (Zot:4)
  A red draconian (Zot:3)
  A centaur warrior (Vaults:3)
  A merfolk siren (Shoals:4)
  A yaktaur (Vaults:3)
  A golden dragon simulacrum (Depths:3)
  A water elemental (Depths:1)
  A centaur (Orc:2)
  A goblin (D:2)
  4 tentacles (Shoals:4)
14 creatures vanquished.

Grand Total: 2526 creatures vanquished

Notes
Turn   | Place    | Note
-------+----------+-------------------------------------------
     0 | D:1      | LordWeiramon the Gnoll Venom Mage began the quest for the
                  | Orb.
     0 | D:1      | Reached XP level 1. HP: 13/13 MP: 6/6
   705 | D:1      | Found Bavaner's Book Shoppe.
   813 | D:1      | Reached XP level 2. HP: 19/19 MP: 4/7
  1106 | D:2      | Learned a level 2 spell: Poisonous Vapours
  1518 | D:2      | Reached skill level 5 in Spellcasting
  1518 | D:2      | Reached XP level 3. HP: 25/25 MP: 1/9
  1522 | D:2      | Learned a level 3 spell: Mephitic Cloud
  1561 | D:2      | Noticed Natasha
  1577 | D:2      | Killed Natasha
  1578 | D:2      | Reached skill level 1 in Fighting
  1578 | D:2      | Reached skill level 1 in Short Blades
  1578 | D:2      | Reached skill level 1 in Long Blades
  1578 | D:2      | Reached skill level 1 in Axes
  1578 | D:2      | Reached skill level 1 in Maces & Flails
  1578 | D:2      | Reached skill level 1 in Polearms
  1578 | D:2      | Reached skill level 1 in Staves
  1578 | D:2      | Reached skill level 1 in Ranged Weapons
  1578 | D:2      | Reached skill level 1 in Throwing
  1578 | D:2      | Reached skill level 1 in Armour
  1578 | D:2      | Reached skill level 1 in Shields
  1578 | D:2      | Reached skill level 1 in Unarmed Combat
  1578 | D:2      | Reached skill level 1 in Invocations
  1578 | D:2      | Reached skill level 1 in Evocations
  1578 | D:2      | Reached XP level 4. HP: 30/32 MP: 7/11
  1822 | D:2      | Noticed Robin
  2058 | D:2      | Killed Robin
  2059 | D:2      | Reached skill level 1 in Conjurations
  2059 | D:2      | Reached skill level 1 in Hexes
  2059 | D:2      | Reached skill level 1 in Summonings
  2059 | D:2      | Reached skill level 1 in Necromancy
  2059 | D:2      | Reached skill level 1 in Translocations
  2059 | D:2      | Reached skill level 1 in Fire Magic
  2059 | D:2      | Reached skill level 1 in Ice Magic
  2059 | D:2      | Reached skill level 1 in Air Magic
  2059 | D:2      | Reached skill level 1 in Earth Magic
  2115 | D:2      | Found a faded altar of an unknown god.
  2161 | D:2      | Found a runed translucent door.
  2162 | D:2      | Noticed Crazy Yiuf
  2195 | D:3      | Identified the +1 robe of Reason {rPois}
  2398 | D:3      | Learned a level 1 spell: Magic Dart
  2529 | D:3      | Found a white marble altar of Elyvilon.
  2598 | D:3      | Found a basalt altar of Yredelemnul.
  3101 | D:4      | Noticed a scorpion
  3111 | D:4      | Reached XP level 5. HP: 37/37 MP: 9/12
  3160 | D:4      | Found a glowing drain.
  3256 | Sewer    | Entered a sewer
  3355 | Sewer    | Noticed a water moccasin
  3360 | Sewer    | Learned a level 2 spell: Call Imp
  3376 | Sewer    | Killed a water moccasin
  3377 | Sewer    | Reached skill level 5 in Dodging
  3377 | Sewer    | Reached XP level 6. HP: 35/44 MP: 12/14
  3465 | D:4      | Found a glowing silver altar of Zin.
  3479 | D:4      | Noticed Menkaure
  3691 | D:4      | Noticed Dowan
  3752 | D:4      | Noticed Duvessa
  3765 | D:4      | Killed Duvessa
  3765 | D:4      | Killed Dowan
  3766 | D:4      | Reached XP level 7. HP: 38/51 MP: 4/15
  3851 | D:4      | Learned a level 2 spell: Ensorcelled Hibernation
  4064 | D:2      | Noticed Natasha
  4072 | D:2      | Killed Natasha
  4185 | D:2      | Noticed Natasha
  4192 | D:2      | Killed Natasha
  4273 | D:2      | Killed Crazy Yiuf
  4294 | D:2      | Identified the +0 hammer "Xukhlar" {heavy, Int+2}
  4426 | D:4      | Found a staircase to the Ecumenical Temple.
  4446 | Temple   | Entered the Ecumenical Temple
  4628 | Temple   | Became a worshipper of Ashenzari the Shackled
  4694 | D:5      | Entered Level 5 of the Dungeon
  4694 | D:5      | Noticed a wyvern
  4694 | D:5      | Found a runed translucent gate.
  4694 | D:5      | Found a runed translucent gate.
  4694 | D:5      | Found a runed translucent gate.
  4705 | D:5      | Killed a wyvern
  4706 | D:5      | Reached skill level 5 in Stealth
  4767 | D:5      | Learned a level 2 spell: Passwall
  4833 | D:5      | Noticed Kurtz's ghost (amateur TeFi)
  5425 | D:5      | Reached XP level 8. HP: 47/58 MP: 6/17
  6072 | D:5      | Identified the +5 war axe of Tenacity {elec, Str-4 Dex+5}
  6113 | D:5      | Found a blossoming altar of Fedhas.
  6345 | D:5      | Found an iron altar of Okawaru.
  6442 | D:5      | Reached * piety under Ashenzari
  6597 | D:5      | Found a bloodstained altar of Trog.
  7200 | D:5      | Reached XP level 9. HP: 66/66 MP: 7/19
  7447 | D:1      | Bought a book of Conjurations for 260 gold pieces
  7450 | D:1      | Learned a level 2 spell: Searing Ray
  7565 | D:4      | Killed Kurtz's ghost
  7877 | D:6      | Found a sacrificial altar of Ru.
  8231 | D:6      | Noticed Edmund
  8244 | D:6      | Killed Edmund
  8373 | D:6      | Found a stormy altar of Qazlal.
  8447 | D:6      | Reached skill level 5 in Invocations
  8497 | D:6      | Noticed a two-headed ogre
  8615 | D:6      | Identified the +10 short sword of Fosto {holy, Fly rN+}
  8634 | D:6      | Reached ** piety under Ashenzari
  8639 | D:6      | Found a sparkling altar of Nemelex Xobeh.
  9007 | D:6      | Killed a two-headed ogre
  9032 | D:6      | Reached skill level 5 in Fighting
  9032 | D:6      | Reached skill level 5 in Short Blades
  9032 | D:6      | Reached skill level 5 in Long Blades
  9032 | D:6      | Reached skill level 5 in Axes
  9032 | D:6      | Reached skill level 5 in Maces & Flails
  9032 | D:6      | Reached skill level 5 in Polearms
  9032 | D:6      | Reached skill level 5 in Staves
  9032 | D:6      | Reached skill level 5 in Ranged Weapons
  9032 | D:6      | Reached skill level 5 in Throwing
  9032 | D:6      | Reached skill level 5 in Armour
  9032 | D:6      | Reached skill level 5 in Shields
  9032 | D:6      | Reached skill level 5 in Unarmed Combat
  9032 | D:6      | Reached skill level 5 in Evocations
  9032 | D:6      | Reached XP level 10. HP: 76/76 MP: 14/22
  9515 | D:7      | Found the +7 Throatcutter {drain, coup de grace}
  9945 | D:7      | Reached skill level 5 in Transmutations
  9987 | D:7      | Reached *** piety under Ashenzari
 10525 | D:8      | Noticed a death knight
 10565 | D:8      | Found a staircase to the Lair.
 10870 | D:8      | Found a hazy altar of Hepliaklqana.
 11068 | D:8      | Noticed a skeletal warrior
 11103 | D:8      | Killed a skeletal warrior
 11265 | D:8      | Learned a level 5 spell: Freezing Cloud
 11474 | D:4      | Killed Menkaure
 11675 | D:9      | Reached skill level 5 in Conjurations
 11675 | D:9      | Reached skill level 5 in Hexes
 11675 | D:9      | Reached skill level 5 in Summonings
 11675 | D:9      | Reached skill level 5 in Necromancy
 11675 | D:9      | Reached skill level 5 in Translocations
 11675 | D:9      | Reached skill level 5 in Fire Magic
 11675 | D:9      | Reached skill level 5 in Ice Magic
 11675 | D:9      | Reached skill level 5 in Air Magic
 11675 | D:9      | Reached skill level 5 in Earth Magic
 11675 | D:9      | Reached XP level 11. HP: 74/84 MP: 24/24
 11738 | D:9      | Learned a level 1 spell: Apportation
 11768 | D:9      | Reached **** piety under Ashenzari
 12058 | D:9      | Found a runed translucent door.
 12072 | D:9      | Identified the +8 trident "Ubleob" {freeze, Dex+2}
 12073 | D:9      | Noticed gohan83's ghost (novice HOMo)
 12149 | D:9      | Noticed Pikel
 12149 | D:9      | Found the ring of Shadows {Umbra +Inv Stlth+}
 12180 | D:9      | Killed Pikel
 12603 | D:9      | Killed gohan83's ghost
 12764 | D:10     | Entered Level 10 of the Dungeon
 12780 | D:10     | Found a flagged portal.
 12794 | Bailey   | Entered a bailey
 12923 | Bailey   | Noticed Prince Ribbit
 12923 | Bailey   | Noticed a vault guard
 13003 | Bailey   | Killed a vault guard
 13150 | Bailey   | Killed Prince Ribbit
 13265 | Bailey   | Noticed a vault guard
 13390 | Bailey   | Killed a vault guard
 13470 | D:10     | Noticed a two-headed ogre
 13492 | D:10     | Killed a two-headed ogre
 13660 | D:10     | Found a snail-covered altar of Cheibriados.
 13782 | D:10     | Reached XP level 12. HP: 95/95 MP: 18/26
 14102 | D:10     | Identified the +1 pair of gloves "Acad" {*Slow rElec rC+}
 14524 | Lair:1   | Entered Level 1 of the Lair of Beasts
 16105 | Lair:2   | Noticed an eight-headed hydra
 16108 | Lair:2   | Killed an eight-headed hydra
 16232 | Lair:2   | Reached XP level 13. HP: 103/103 MP: 28/28
 16354 | Lair:2   | Found a hole to the Spider Nest.
 16506 | Lair:3   | Found a frozen archway.
 16571 | IceCv    | Entered an ice cave
 17901 | IceCv    | Learned a level 4 spell: Fulminant Prism
 18122 | IceCv    | Identified the staff of cold "Pofept" {rC+ Int+4 Dex+2}
 18148 | IceCv    | Learned a level 3 spell: Tukima's Dance
 18191 | Lair:3   | Found a basalt altar of Yredelemnul.
 18222 | Lair:3   | Reached skill level 10 in Spellcasting
 18818 | Lair:3   | Reached skill level 10 in Dodging
 18844 | Lair:3   | Found a transporter.
 19014 | Lair:3   | Reached skill level 10 in Stealth
 19173 | Lair:3   | Found a transporter.
 19219 | Lair:3   | Found a staircase to the Shoals.
 19376 | Lair:3   | Found a one-way gate to the infinite horrors of the Abyss.
 19376 | Lair:3   | Noticed laqueoix's ghost (journeyman DsGl)
 19932 | Lair:4   | Found a viscous altar of Jiyva.
 19932 | Lair:4   | Found a staircase to the Slime Pits.
 20081 | Lair:4   | Reached XP level 14. HP: 113/113 MP: 30/30
 20086 | Lair:4   | Reached skill level 10 in Invocations
 20562 | Lair:5   | Entered Level 5 of the Lair of Beasts
 21774 | Lair:5   | Reached skill level 10 in Translocations
 21821 | Lair:5   | Reached skill level 10 in Poison Magic
 21947 | Lair:5   | Reached skill level 10 in Fighting
 21947 | Lair:5   | Reached skill level 10 in Short Blades
 21947 | Lair:5   | Reached skill level 10 in Long Blades
 21947 | Lair:5   | Reached skill level 10 in Axes
 21947 | Lair:5   | Reached skill level 10 in Maces & Flails
 21947 | Lair:5   | Reached skill level 10 in Polearms
 21947 | Lair:5   | Reached skill level 10 in Staves
 21947 | Lair:5   | Reached skill level 10 in Ranged Weapons
 21947 | Lair:5   | Reached skill level 10 in Throwing
 21947 | Lair:5   | Reached skill level 10 in Armour
 21947 | Lair:5   | Reached skill level 10 in Shields
 21947 | Lair:5   | Reached skill level 10 in Unarmed Combat
 21947 | Lair:5   | Reached skill level 10 in Evocations
 22070 | Lair:5   | Reached XP level 15. HP: 96/120 MP: 23/32
 22102 | Lair:5   | Reached ***** piety under Ashenzari
 22840 | D:11     | Identified a scroll of acquirement
 22841 | D:11     | Identified the Compilation of Mortification and Anemomancy
 22851 | D:11     | Noticed Loveship's ghost (journeyman DjCj)
 22869 | D:11     | Found a transporter.
 22877 | D:11     | Found a transporter.
 22969 | D:11     | Found a burning altar of Makhleb.
 23510 | D:11     | Killed Loveship's ghost
 23672 | D:12     | Found Sahiwkok's Weapon Emporium.
 23673 | D:12     | Found a staircase to the Orcish Mines.
 23724 | D:12     | Found Naiz's Armour Emporium.
 24150 | D:12     | Noticed Kirke
 24151 | D:12     | Killed Kirke
 24199 | D:11     | Learned a level 3 spell: Ozocubu's Armour
 24909 | D:13     | Found a portal to a secret trove of treasure.
 25400 | D:14     | Identified the +2 mace "Maten" {holy, rElec rF+ Str+4
                  | Stlth-}
 25786 | D:14     | Identified the +7 dagger of Dissatisfaction {heavy, rF++
                  | rC-}
 25799 | D:14     | Found a gate to the Vaults.
 26411 | D:14     | Found an iron altar of Okawaru.
 26602 | D:14     | Reached XP level 16. HP: 130/130 MP: 34/34
 27087 | D:15     | Entered Level 15 of the Dungeon
 27863 | D:15     | Found a staircase to the Depths.
 27966 | Orc:1    | Entered Level 1 of the Orcish Mines
 28388 | Orc:2    | Entered Level 2 of the Orcish Mines
 28494 | Orc:2    | Noticed Zeor's ghost (journeyman DsGl)
 28494 | Orc:2    | Identified the +1 dire flail of Welfare {chaos, Will- rCorr
                  | Int+3}
 28494 | Orc:2    | Identified the +2 great mace "Qerirgh" {drain, Will+ MP+9
                  | Str+3}
 28496 | Orc:2    | Found a transporter.
 28509 | Orc:2    | Found a transporter.
 28522 | Orc:2    | Found a staircase to the Elven Halls.
 28756 | Orc:2    | Killed Zeor's ghost
 29950 | Orc:2    | Found Fojuerymp's Assorted Antiques.
 29950 | Orc:2    | Found Vogais's General Store.
 29950 | Orc:2    | Found Quq Biyhotwo's Antique Armour Boutique.
 29957 | Orc:2    | Reached skill level 10 in Transmutations
 30000 | Orc:2    | Found Bitae's Weapon Emporium.
 30017 | Orc:2    | Bought a pair of glowing gloves for 255 gold pieces
 30020 | Orc:2    | Bought a condenser vane for 680 gold pieces
 30020 | Orc:2    | Bought a lightning rod (4/4) for 510 gold pieces
 30025 | Orc:2    | Bought a potion of haste for 240 gold pieces
 30539 | Shoals:1 | Entered Level 1 of the Shoals
 30539 | Shoals:1 | Noticed a kraken
 31156 | Shoals:1 | Reached XP level 17. HP: 131/132 MP: 35/35
 31946 | Shoals:1 | Reached skill level 10 in Conjurations
 31946 | Shoals:1 | Reached skill level 10 in Hexes
 31946 | Shoals:1 | Reached skill level 10 in Summonings
 31946 | Shoals:1 | Reached skill level 10 in Necromancy
 31946 | Shoals:1 | Reached skill level 10 in Fire Magic
 31946 | Shoals:1 | Reached skill level 10 in Ice Magic
 31946 | Shoals:1 | Reached skill level 10 in Air Magic
 31946 | Shoals:1 | Reached skill level 10 in Earth Magic
 31986 | Shoals:1 | Killed a kraken
 32335 | Shoals:2 | Learned a level 3 spell: Ignite Poison
 32340 | Shoals:2 | Learned a level 4 spell: Dispel Undead
 32345 | Shoals:2 | Learned a level 4 spell: Olgreb's Toxic Radiance
 32440 | Shoals:2 | Identified the +1 robe of Zin's Pride {Str+3 SInv}
 32606 | Shoals:2 | Found a runed translucent door.
 32609 | Shoals:2 | Found a shimmering altar of Xom.
 32609 | Shoals:2 | Noticed Teryn's ghost (journeyman DsAK)
 32609 | Shoals:2 | Identified the staff of fire "Sayni" {rF+ Will+ Dex+5}
 32660 | Shoals:2 | Learned a level 6 spell: Iron Shot
 33061 | Shoals:2 | Noticed Frances
 33070 | Shoals:2 | Killed Frances
 33288 | Shoals:2 | Killed Teryn's ghost
 33983 | Shoals:3 | Found a transporter.
 34202 | Shoals:3 | Noticed Bai Suzhen
 34214 | Shoals:3 | Killed Bai Suzhen
 34289 | Shoals:3 | Noticed Ilsuiw
 34401 | Shoals:3 | Killed Ilsuiw
 34438 | Shoals:3 | Found a transporter.
 34445 | Shoals:3 | Noticed Wano's ghost (adept DrTm)
 34445 | Shoals:3 | Identified the ring of Beiwokh {AC+4 Dex+3}
 34458 | Shoals:3 | Killed Wano's ghost
 34603 | Shoals:4 | Entered Level 4 of the Shoals
 34877 | Shoals:3 | Acquired the brooch of Shielding {Spirit SH+8}
 34877 | Shoals:3 | Found the brooch of Shielding {Spirit SH+8}
 34884 | Shoals:3 | Acquired 1098 gold pieces
 35156 | Shoals:4 | Reached XP level 18. HP: 96/131 MP: 22/35
 35339 | Shoals:4 | Identified the +4 scale mail "Littoz" {rN+ Str+6}
 35824 | Shoals:4 | Identified the +7 broad axe of the Key {venom, *Noise rCorr
                  | Str+4}
 36323 | Shoals:4 | Got a barnacled rune of Zot
 36739 | D:13     | You paid a toll of a +6 demon trident to enter a treasure
                  | trove
 36740 | Trove    | Entered a treasure trove
 36742 | Trove    | Found the +2 cloak of the Thief {*Fog Slay-2 SInv Stlth+}
 36752 | Trove    | Identified the +0 hat of Ru's Felicitations {rElec rPois
                  | Str+6 Int-2}
 36775 | Trove    | Identified the +1 pair of gloves "Qiycwiel" {rPois Int-2
                  | Dex+6}
 36775 | Trove    | Identified the +2 pair of gloves of the Fiend {Will+ Int+4}
 36801 | Trove    | Identified the +1 kite shield of Feoteeti {rC+}
 36801 | Trove    | Identified the +0 buckler of Hubris {rN+ Int+3 Stlth-}
 36834 | Trove    | Identified the +2 pair of boots of Beogh's Envy {Harm rF+
                  | Str+3}
 37300 | Spider:1 | Entered Level 1 of the Spider Nest
 37300 | Spider:1 | Noticed Nikola
 37304 | Spider:1 | Killed Nikola
 37334 | Spider:1 | Noticed Roxanne
 37591 | Spider:1 | Found a transporter.
 37623 | Spider:1 | Found a transporter.
 37624 | Spider:1 | Noticed Esekla's ghost (journeyman DEWn)
 39144 | Spider:1 | Noticed gdog's ghost (adept GnDe)
 39393 | Spider:2 | Upgraded the game from 0.30.1-8-g117510f58f to
                  | 0.30.1-9-gdf580d7c3d
 39757 | Spider:3 | Reached XP level 19. HP: 140/141 MP: 36/38
 40297 | Spider:3 | Acquired a +2 triple sword of freezing
 40399 | Spider:4 | Entered Level 4 of the Spider Nest
 41737 | Spider:4 | Got a gossamer rune of Zot
 42314 | Elf:1    | Entered Level 1 of the Elven Halls
 42314 | Elf:1    | Found a runed translucent gate.
 42314 | Elf:1    | Found a runed translucent gate.
 42314 | Elf:1    | Found a runed translucent gate.
 42314 | Elf:1    | Found a runed translucent gate.
 42314 | Elf:1    | Found a runed translucent gate.
 42314 | Elf:1    | Found a runed translucent gate.
 42315 | Elf:1    | Found a runed translucent door.
 42395 | Elf:1    | Learned a level 5 spell: Silence
 42405 | Elf:1    | Found a runed translucent door.
 42633 | Elf:1    | Found a runed translucent door.
 42633 | Elf:1    | Noticed Danienth's ghost (journeyman MiFi)
 42633 | Elf:1    | Identified Wumnuam's Encyclopedia of Talus
 42634 | Elf:1    | Identified the +1 pair of boots "Qenyr" {-Tele rF+ Int+3
                  | SInv}
 42701 | Elf:1    | Killed Danienth's ghost
 42705 | Elf:1    | Reached skill level 15 in Translocations
 42802 | Elf:1    | Identified the ring of Kaoh {rElec rC+ Int+4}
 43231 | Elf:2    | Found Ufilukene's Jewellery Shoppe.
 43250 | Elf:2    | Bought the ring of Qubeusm {rF+ rC+ Str+6 Dex+5} for 945
                  | gold pieces
 43528 | Elf:2    | Noticed Jorgrun
 43568 | Elf:2    | Killed Jorgrun
 43635 | Elf:2    | Noticed Aizul
 43667 | Elf:2    | Reached skill level 15 in Invocations
 43707 | Elf:2    | Found a runed translucent gate.
 43742 | Elf:2    | Killed Aizul
 43743 | Elf:2    | Found a runed translucent gate.
 43743 | Elf:2    | Found a runed translucent gate.
 44270 | Elf:2    | Reached XP level 20. HP: 159/160 MP: 40/40
 44909 | Elf:3    | Entered Level 3 of the Elven Halls
 45841 | Elf:3    | Identified the +7 glaive of Untruth {heavy, rPois Will-
                  | rCorr SInv}
 45847 | Elf:3    | Reached skill level 15 in Spellcasting
 46064 | Elf:3    | Found a shimmering blue altar of Sif Muna.
 46387 | Elf:3    | Reached skill level 15 in Dodging
 46687 | Elf:3    | Identified the +8 war axe of Causality {speed, rElec rC++}
 46762 | Elf:3    | Identified the +1 scale mail of Resilience {Stlth+}
 46829 | Elf:3    | Paralysed by an air elemental for 1 turns
 46834 | Elf:3    | Reached skill level 15 in Stealth
 46890 | Elf:3    | Identified the Almanac of Battle Magic
 46946 | Elf:3    | Identified the staff of air "Qilodd" {rElec rPois rC+ rN+
                  | Str-3 Dex+2}
 46977 | Elf:3    | Identified the ring "Othiw" {Will+ Str+6 Int+2}
 47036 | Elf:3    | Paralysed by an air elemental for 1 turns
 47059 | Elf:3    | Identified the ring of Bolud {rPois AC+4 Int+4}
 47277 | Elf:3    | Identified the staff of death "Hyti" {rN+ MP+9 Stlth+}
 47946 | Orc:2    | Bought a scroll of teleportation for 72 gold pieces
 47946 | Orc:2    | Bought a wand of digging (6) for 604 gold pieces
 47946 | Orc:2    | Bought a wand of charming (6) for 345 gold pieces
 47946 | Orc:2    | Bought a potion of flight for 72 gold pieces
 47947 | Orc:2    | Bought a potion of flight for 51 gold pieces
 47947 | Orc:2    | Bought a +0 dagger for 34 gold pieces
 47948 | Orc:2    | Bought 2 potions of brilliance for 136 gold pieces
 48156 | Vaults:1 | Entered Level 1 of the Vaults
 48470 | Vaults:1 | Reached XP level 21. HP: 171/171 MP: 42/42
 49496 | Vaults:1 | Identified the +2 helmet of Beogh's Condemnation {rN++
                  | Int-5 Dex+2}
 50560 | Vaults:2 | Found Muim's Jewellery Shoppe.
 50782 | Vaults:2 | Reached skill level 15 in Fighting
 50782 | Vaults:2 | Reached skill level 15 in Short Blades
 50782 | Vaults:2 | Reached skill level 15 in Long Blades
 50782 | Vaults:2 | Reached skill level 15 in Axes
 50782 | Vaults:2 | Reached skill level 15 in Maces & Flails
 50782 | Vaults:2 | Reached skill level 15 in Polearms
 50782 | Vaults:2 | Reached skill level 15 in Staves
 50782 | Vaults:2 | Reached skill level 15 in Ranged Weapons
 50782 | Vaults:2 | Reached skill level 15 in Throwing
 50782 | Vaults:2 | Reached skill level 15 in Armour
 50782 | Vaults:2 | Reached skill level 15 in Shields
 50782 | Vaults:2 | Reached skill level 15 in Unarmed Combat
 50782 | Vaults:2 | Reached skill level 15 in Evocations
 52061 | Vaults:3 | Noticed Asterion
 52093 | Vaults:3 | Killed Asterion
 52242 | Vaults:3 | Identified the +4 shortbow "Cuiwk" {speed, rC+ Dex-4 SInv}
 52253 | Vaults:3 | Found a staircase to the Crypt.
 52319 | Vaults:3 | Identified the +5 mace of Diegh {heavy, rCorr}
 52514 | Vaults:3 | Reached XP level 22. HP: 182/182 MP: 41/44
 53288 | Vaults:4 | Identified the staff of earth "Maupp" {rF+ rN+ Str-3}
 53697 | Vaults:4 | Noticed Frederick
 53707 | Vaults:4 | Killed Frederick
 53781 | Vaults:4 | Found a transporter.
 53781 | Vaults:4 | Found a transporter.
 53782 | Vaults:4 | Identified the +0 pair of gloves of Broken Taboos {-Tele
                  | Harm rN+++ Str-2 Stlth+}
 53800 | Vaults:4 | Found a transporter.
 53827 | Vaults:4 | Found a transporter.
 54363 | Crypt:1  | Entered Level 1 of the Crypt
 55113 | Crypt:1  | Noticed a royal mummy
 55115 | Crypt:1  | Noticed Khufu
 55124 | Crypt:1  | Killed a royal mummy
 55128 | Crypt:1  | Killed Khufu
 56844 | Crypt:1  | Noticed a royal mummy
 56846 | Crypt:1  | Killed a royal mummy
 57298 | Crypt:2  | Identified the +1 broad axe "Jelly's Demise" {speed, rPois
                  | rC++ rCorr Int-5 Stlth+}
 57651 | Crypt:2  | Reached XP level 23. HP: 190/190 MP: 45/45
 58108 | Crypt:2  | Noticed Mennas
 58112 | Crypt:2  | Killed Mennas
 58322 | Crypt:3  | Entered Level 3 of the Crypt
 58821 | Crypt:3  | Reached skill level 15 in Summonings
 58869 | Crypt:3  | Noticed an ancient lich
 58876 | Crypt:3  | Killed an ancient lich
 59160 | Crypt:3  | Found a staircase to the Tomb.
 60046 | Crypt:3  | Found an ancient bone altar of Kikubaaqudgha.
 60049 | Crypt:3  | Found a basalt altar of Yredelemnul.
 60277 | Crypt:3  | Found the +13 scythe of Curses {drain, curses, Drain}
 60310 | Crypt:3  | Identified the +0 hat "Woull" {Fly rC- Str+5 Int+4}
 60700 | Depths:1 | Entered Level 1 of the Depths
 60700 | Depths:1 | Identified the +2 leather armour "Ohuz Xue" {rC+ Will+
                  | Str+3}
 60828 | Depths:1 | Found a magical portal.
 60846 | Depths:1 | Reached skill level 15 in Poison Magic
 60935 | WizLab   | Entered Iskenderun's Mystic Tower
 61423 | WizLab   | Reached XP level 24. HP: 199/199 MP: 46/46
 61748 | WizLab   | Identified Iskenderun's Directory of Momentum
 61748 | WizLab   | Identified Iskenderun's Monograph on Fulmination
 61961 | Depths:1 | Learned a level 4 spell: Passage of Golubria
 62565 | Depths:1 | Found a gateway to Hell.
 62646 | Depths:1 | Found a blossoming altar of Fedhas.
 62726 | Depths:1 | Found a transporter.
 62811 | Depths:1 | Noticed Dyni Soq's ghost (adept TrMo)
 62811 | Depths:1 | Noticed a caustic shrike
 62818 | Depths:1 | Identified the ring of Caetil {Wiz Drain rElec rPois Dex+2}
 62847 | Depths:1 | Found a transporter.
 63119 | Depths:1 | Killed a caustic shrike
 63127 | Depths:1 | Killed Dyni Soq's ghost
 63442 | Depths:2 | Found a shimmering blue altar of Sif Muna.
 63541 | Depths:2 | Paralysed by a floating eye for 2 turns
 63903 | Depths:2 | Found a one-way gateway to a ziggurat.
 63956 | Depths:2 | Found a one-way gate leading to the halls of Pandemonium.
 64055 | Depths:2 | Found Oveuluy's Armour Shop.
 64266 | Depths:2 | Noticed a juggernaut
 64291 | Depths:2 | Killed a juggernaut
 65088 | Depths:3 | Identified the ring of Ciacytubb {Ice *Corrode Int+4}
 65088 | Depths:3 | Noticed Josephina
 65098 | Depths:3 | Killed Josephina
 65230 | Depths:3 | Reached XP level 25. HP: 204/206 MP: 46/46
 65393 | Depths:3 | Identified the Volume of Blasts
 65514 | Depths:3 | Identified the +1 pair of gloves of Precision Catastrophes
                  | {rElec Int+5 Slay-3}
 65515 | Depths:3 | Noticed Louise
 65532 | Depths:3 | Killed Louise
 65801 | Depths:3 | Identified the +1 helmet "Unetod" {rC- rN+ Regen+ Str+3}
 66094 | Depths:3 | Reached skill level 15 in Transmutations
 66535 | Depths:4 | Entered Level 4 of the Depths
 67038 | Depths:4 | Reached skill level 15 in Conjurations
 67038 | Depths:4 | Reached skill level 15 in Hexes
 67038 | Depths:4 | Reached skill level 15 in Necromancy
 67038 | Depths:4 | Reached skill level 15 in Fire Magic
 67038 | Depths:4 | Reached skill level 15 in Ice Magic
 67038 | Depths:4 | Reached skill level 15 in Air Magic
 67038 | Depths:4 | Reached skill level 15 in Earth Magic
 67333 | Depths:4 | Found a gate to the Realm of Zot.
 67481 | Depths:4 | Found a transporter.
 67491 | Depths:4 | Found Unamu's Armour Shop.
 67493 | Depths:4 | Found a transporter.
 67843 | Depths:4 | Found a gateway to a bazaar.
 67888 | Bazaar   | Entered a bazaar
 67888 | Bazaar   | Found Maotyery's Jewellery Shoppe.
 67888 | Bazaar   | Found Byademos's Jewellery Shoppe.
 67888 | Bazaar   | Found Tip Cer's General Store.
 67888 | Bazaar   | Found Amukho's General Store.
 67902 | Bazaar   | Bought a wand of acid (5) for 210 gold pieces
 67902 | Bazaar   | Bought a scroll of magic mapping for 75 gold pieces
 67904 | Bazaar   | Bought a scroll of amnesia for 48 gold pieces
 67904 | Bazaar   | Bought a wand of charming (2) for 57 gold pieces
 67904 | Bazaar   | Bought a wand of polymorph (3) for 50 gold pieces
 67904 | Bazaar   | Bought a wand of acid (3) for 151 gold pieces
 67904 | Bazaar   | Bought a scroll of fog for 48 gold pieces
 68207 | Depths:4 | Found Huedeth's Assorted Antiques.
 68210 | Depths:4 | Bought 2 potions of flight for 150 gold pieces
 68210 | Depths:4 | Bought a potion of curing for 75 gold pieces
 68210 | Depths:4 | Bought a scroll of amnesia for 100 gold pieces
 68210 | Depths:4 | Bought a potion of might for 100 gold pieces
 68210 | Depths:4 | Bought a wand of roots (3) for 180 gold pieces
 68210 | Depths:4 | Bought a wand of polymorph (2) for 70 gold pieces
 68210 | Depths:4 | Bought a scroll of blinking for 187 gold pieces
 68210 | Depths:4 | Bought a wand of digging (4) for 420 gold pieces
 68826 | Vaults:5 | Entered Level 5 of the Vaults
 69012 | Vaults:5 | Noticed Boris
 69094 | Vaults:4 | Killed Boris
 69139 | Vaults:5 | Gained mutation: You are frail. (-10% HP) [a shining eye]
 69370 | Vaults:5 | Identified the +6 lajatang of Paur {freeze, rC+ Will+ Int+2
                  | Dex+2 Stlth+}
 69619 | Vaults:5 | Reached XP level 26. HP: 182/198 MP: 45/48
 69828 | Vaults:5 | Identified the +7 sling "Diaskown" {drain, rPois rN+ Str+4}
 69924 | Vaults:5 | Noticed a dread lich
 69938 | Vaults:5 | Killed a dread lich
 70220 | Vaults:5 | Identified the staff of poison "Qoptoth" {rPois Dex+4}
 70368 | Vaults:5 | Got a silver rune of Zot
 70502 | Vaults:5 | Identified the Teachings on Sidekicks and the Salvo
 70702 | Vaults:5 | Noticed a dread lich
 70714 | Vaults:5 | Killed a dread lich
 71027 | Vaults:5 | Identified the staff of death "Judanav" {rPois rF+ rN+
                  | rCorr Dex-2}
 71049 | Vaults:5 | Identified the ring of Peedwut {rElec rC- Will- Slay+5
                  | SInv}
 71689 | Vaults:5 | Identified the amulet "Weukkosa" {Spirit rElec}
 71691 | Vaults:5 | Identified the +1 leather armour of a sewer {rElec rCorr
                  | Dex+2 Slay-2}
 72494 | Zot:1    | Entered Level 1 of the Realm of Zot
 72716 | Zot:1    | Noticed an orb of fire
 72729 | Zot:1    | Killed an orb of fire
 73201 | Zot:2    | Reached XP level 27. HP: 206/206 MP: 49/49
 73693 | Zot:2    | Learned a level 5 spell: Summon Forest
 73700 | Zot:2    | Learned a level 6 spell: Summon Cactus Giant
 73708 | Zot:2    | Learned a level 7 spell: Malign Gateway
 73955 | Zot:2    | Reached ****** piety under Ashenzari
 74532 | Zot:3    | Noticed Parghit
 74543 | Zot:3    | Killed Parghit
 76586 | Zot:5    | Entered Level 5 of the Realm of Zot
 77407 | Zot:5    | Noticed an orb of fire
 77418 | Zot:5    | Gained mutation: Your magical capacity is low. (-10% MP)
                  | [an orb of fire]
 77423 | Zot:5    | Killed an orb of fire
 77423 | Zot:5    | Noticed an orb of fire
 77426 | Zot:5    | Gained mutation: Your spells are a little easier to cast,
                  | but a little less powerful. [an orb of fire]
 77430 | Zot:5    | Killed an orb of fire
 77430 | Zot:5    | Noticed an orb of fire
 77437 | Zot:5    | Killed an orb of fire
 77437 | Zot:5    | Noticed an orb of fire
 77453 | Zot:5    | Gained mutation: You have hidden genetic defects. [an orb
                  | of fire]
 77454 | Zot:5    | Killed an orb of fire
 77457 | Zot:5    | Noticed an orb of fire
 77466 | Zot:5    | Killed an orb of fire
 77468 | Zot:5    | Noticed a dread lich
 77477 | Zot:5    | Killed a dread lich
 77492 | Zot:5    | Lost mutation: You are frail. (-10% HP) [potion of
                  | mutation]
 77492 | Zot:5    | Lost mutation: You have hidden genetic defects. [potion of
                  | mutation]
 77492 | Zot:5    | Lost mutation: Your spells are a little easier to cast, but
                  | a little less powerful. [potion of mutation]
 77492 | Zot:5    | Gained mutation: You have sharp toenails. [potion of
                  | mutation]
 77569 | Zot:5    | Noticed a dread lich
 77582 | Zot:5    | Killed a dread lich
 77936 | Zot:5    | Noticed a dread lich
 77938 | Zot:5    | Killed a dread lich
 77945 | Zot:5    | Noticed an ancient lich
 77949 | Zot:5    | Killed an ancient lich
 78704 | Zot:5    | Got the Orb of Zot
 78745 | Zot:5    | Noticed Bytuegg the pandemonium lord
 79083 | D:4      | Noticed Wokuqov the pandemonium lord
 79180 | D:$      | Escaped with the Orb!

Illustrated notes

Levels and vault maps discovered:
D:1:      minmay_arrival_four_circles, layout_loops_corners, serial_shops,
          nicolae_shop_window_shopping, serial_bayou_lagoon_a, hex_tiny,
          hangedman_decor_points, chequers_serial_rivers_room_b,
          minmay_hexomino_c4
D:2:      layout_rooms, ebering_ecumenical_altar_box, serial_aquarium,
          aquarium_bridge_straight [aquarium_subvault_bridge,
          aquarium_subvault_balcony, aquarium_subvault_bridge,
          aquarium_subvault_wall], aquarium_window_1, aquarium_window_fake,
          aquarium_window_corridor_2, aquarium_window_1, aquarium_view_2g,
          aquarium_view_2e, aquarium_balcony_double_2, uniq_robin,
          uniq_crazy_yiuf_cottage, uniq_natasha
D:3:      layout_loops_cross, mainiacjoe_overflow_cross_hatched,
          yredelemnul_altar_generic
D:4:      layout_rooms, zin_academy, minmay_temple_entry_purple_smoke,
          portal_sewer_entry_f, uniq_menkaure, uniq_duvessa
D:5:      minmay_opposing_rooms, layout_layer_cave,
          mainiacjoe_overflow_tiny_flanked, nicolae_overflow_hidden_temple,
          mainiacjoe_overflow_alcove_2, gammafunk_ghost_necromancy,
          kennysheep_cross_bottleneck, minivault_5
D:6:      minmay_chambers_of_sixes, layout_loops_ring, kennysheep_mini_moat,
          mainiacjoe_overflow_chevrons, nicolae_qazlal_general_emergency,
          uniq_edmund
D:7:      layout_layer_cave, minivault_14
D:8:      wad_arrow_thing, layout_rooms, nzn_hepliaklqana_mist_gate,
          dpeg_oklobed_lair, minmay_three_doors
D:9:      layout_rooms, ebering_ghost_funeral_grove, moated_statue,
          chequers_serial_rivers_small_b, uniq_pikel
D:10:     layout_rooms, general_overflow_altar, enter_bailey_3,
          minmay_misc_feat_x, david_greed
D:11:     layout_loops_cross, gammafunk_ghost_arena, bloody_makhleb
D:12:     layout_gridville, orc_david_3, uniq_kirke
D:13:     layout_long_grid, nicolae_trove_entry_columns
D:14:     minmay_razor_zed, layout_stronghold, david_vaults_5, serial_bayou,
          serial_bayou_shore_b, serial_bayou_ford_a, serial_bayou_pond_a,
          serial_bayou_pond_a, hellmonk_okawaru_the_only_friend_you_need
D:15:     grunt_enter_depths_snipers, layout_irregular_city, drop_trap,
          chequers_serial_rivers_micro_d, minmay_bent
Temple:   grunt_temple_mini_profane
Lair:1:   layout_small_grid
Lair:2:   layout_misc_corridors, nicolae_spider_entry_orb_guardian,
          grunt_megastairs_2, infiniplex_staircase_pool_2
Lair:3:   layout_roguey [special_room_bee], nicolae_shoals_entry_roost,
          basic_altar, gammafunk_ghost_abyssal_escape,
          portal_ice_cave_entry_ice_simulacra, infiniplex_staircase_pool
Lair:4:   layout_cave_pods, slime_entry_1
Lair:5:   minmay_lair_end_enchanted_forest, layout_regular_city,
          nicolae_lair_lil_pond, grunt_megastairs_5
Shoals:1: layout_shoals, nicolae_shoals_kraken_intersection
Shoals:2: layout_shoals, ebering_ghost_xom, uniq_frances
Shoals:3: layout_shoals, gammafunk_ghost_berserking_beasts,
          nicolae_shoals_loop_pool, uniq_ilsuiw, uniq_bai_suzhen
Shoals:4: shoals_end_grunt_garden, layout_shoals
Spider:1: layout_spider_delve, nzn_ghost_randoct, special_room, uniq_nikola,
          uniq_roxanne
Spider:2: layout_spider_delve, hangedman_spider_tarantella_strand
Spider:3: layout_cave_pods, nicolae_spider_cling_halls
Spider:4: spider_rune_water
Orc:1:    layout_diamond_mine, bh_open_orc_temple
Orc:2:    st_orc_rangers, layout_diamond_mine, gammafunk_ghost_smash,
          nicolae_orc_bridge_out, nicolae_orc_lava_tube
Elf:1:    nicolae_elf_arrival_dilemma, layout_loops_cross,
          hellmonk_ghost_big_iron, minmay_elf_crystal_hexagon, uniq_louise
Elf:2:    nicolae_elf_blades_crystal_corner, layout_onion_city, serial_shops,
          nicolae_shop_tiny_glass, uniq_jorgrun, uniq_aizul
Elf:3:    nooodl_elf_gasket, layout_loops_cross, hangedman_summoners_spam
Vaults:1: nicolae_vaults_prndl, nicolae_vaults_network_quinsquares
          [nicolae_vaults_network_quincunx_subvault,
          nicolae_vaults_network_quincunx_subvault,
          nicolae_vaults_network_quincunx_subvault,
          nicolae_vaults_network_quincunx_subvault],
          nicolae_vaults_closet_pinwheel_3, vaults_room_hallway,
          nicolae_vaults_house_2, nicolae_vaults_storage_room_glass, v_misc_3,
          vaults_dpeg_hooks, layout_vaults_quadrants
Vaults:2: nicolae_vaults_puzzle_piece, grunt_vaults_bifocal,
          hangedman_vaults_stream, v_misc_24, hangedman_vaults_unwind,
          nicolae_vaults_mini_display_case, grunt_vaults_hallway_short,
          nicolae_vaults_house_1, grunt_vaults_hallway_long,
          nicolae_vaults_surprise_closet, nicolae_vaults_tetromino_Z_1,
          dpeg_vaults_waves, layout_vaults_big_room, serial_shops, shop
Vaults:3: vaults_room_hangedman_quadrants, vaults_mumra_hexcomb,
          vaults_room_stairs_pillars, minmay_crypt_entry_nasty_monster,
          ontoclasm_vaults_gateway, v_misc_1, hangedman_vaults_restitches,
          ontoclasm_vaults_spin, nicolae_vaults_diagonal_hallway_7, v_rooms_4,
          hangedman_vaults_trim, nicolae_vaults_trapezoid_lopsided_3,
          ontoclasm_vaults_loading_screen, layout_vaults_omnicross,
          uniq_asterion
Vaults:4: nicolae_vaults_closet_pinwheel_2, gammafunk_the_bubble
          [the_bubble_gammafunk_roulette], nicolae_vaults_heist,
          vaults_room_large_hall, nicolae_vaults_trapezoid_lopsided_4,
          v_alt_pattern_6, nicolae_vaults_little_squares_4,
          nicolae_vaults_back_hallway, ontoclasm_vaults_ring_small,
          nicolae_vaults_tangram_2, grunt_vaults_diagonal,
          nicolae_vaults_diagonal_hallway_6, layout_vaults_maze_snakey,
          serial_glass, uniq_frederick
Vaults:5: uniq_boris
Crypt:1:  lemuel_minitomb, layout_gridlike, roderic_lattice_octagonal_star,
          uniq_khufu
Crypt:2:  layout_gridlike, uniq_mennas
Crypt:3:  lightli_unholy_cathedral, layout_chaotic_city,
          nicolae_tomb_entry_unfolded_pyramid_diagonal, corexii_leaking_fountain
Depths:1: layout_basic, chequers_serial_rivers_small_a, gammafunk_ghost_arena,
          hangedman_geh_valley, mu_enter_wizlab_4, fedhas_altar_2
Depths:2: kennysheep_scales, layout_twisted_cross, enter_ziggurat_d,
          nicolae_sif_muna_condensation, hell_entry, serial_shops, shop,
          rand_demon_pan_entry_7, onia_ninara_cookie
Depths:3: hangedman_cross_cluster, layout_basic,
          nicolae_abyss_entry_one_way_or_another, grunt_hell_entry_dis_grunt,
          uniq_josephina
Depths:4: evilmike_zot_entry_argh, layout_honeycomb, serial_shops, statue_bzr,
          nicolae_shop_drivethru, shop, rand_demon_pan_entry_1, nicolae_titane,
          hell_entry, grunt_ministairs_14
Zot:1:    layout_misc_corridors, kennysheep_underground_church
Zot:2:    layout_misc_corridors, grunt_megastairs_3
Zot:3:    layout_gridlike, amethyst_zot_foddershock, uniq_parghit
Zot:4:    layout_misc_corridors
Zot:5:    layout_onion, grunt_ministairs_10

Skill      XL: |  1  2  3  4  5  6  7  8  9 10 11 12 13 14 15 16 17 18 19 20 21 22 23 24 25 26 27 |
---------------+----------------------------------------------------------------------------------+-----
Transmutations | 2 3 4 5 6 7 8 9 10 11 12 13 14 15 16 17 | 17.0
Spellcasting   | 5 6 7 8 9 10 11 12 13 14 15 16 17 18 19 20 | 20.3
Fighting       | 1 2 3 5 6 7 8 9 10 11 12 13 14 15 16 17 18 19 | 19.8
Short Blades   | 1 2 3 5 6 7 8 9 10 11 12 13 14 15 16 17 18 19 | 19.8
Long Blades    | 1 2 3 5 6 7 8 9 10 11 12 13 14 15 16 17 18 19 | 19.8
Axes           | 1 2 3 5 6 7 8 9 10 11 12 13 14 15 16 17 18 19 | 19.8
Maces & Flails | 1 2 3 5 6 7 8 9 10 11 12 13 14 15 16 17 18 19 | 19.8
Polearms       | 1 2 3 5 6 7 8 9 10 11 12 13 14 15 16 17 18 19 | 19.8
Staves         | 1 2 3 5 6 7 8 9 10 11 12 13 14 15 16 17 18 19 | 19.8
Ranged Weapons | 1 2 3 5 6 7 8 9 10 11 12 13 14 15 16 17 18 19 | 19.8
Throwing       | 1 2 3 5 6 7 8 9 10 11 12 13 14 15 16 17 18 19 | 19.8
Armour         | 1 2 3 5 6 7 8 9 10 11 12 13 14 15 16 17 18 19 | 19.8
Shields        | 1 2 3 5 6 7 8 9 10 11 12 13 14 15 16 17 18 19 | 19.8
Unarmed Combat | 1 2 3 5 6 7 8 9 10 11 12 13 14 15 16 17 18 19 | 19.8
Invocations    | 1 2 3 4 5 6 7 8 9 10 11 12 13 14 15 16 17 18 19 20 21 | 21.4
Evocations     | 1 2 3 5 6 7 8 9 10 11 12 13 14 15 16 17 18 19 | 19.8
Conjurations   | 1 2 3 4 5 6 7 8 9 10 11 12 13 14 15 16 | 16.9
Hexes          | 1 2 3 4 5 6 7 8 9 10 11 12 13 14 15 16 | 16.9
Summonings     | 1 2 3 4 5 6 7 8 9 10 11 12 13 14 15 16 17 18 20 | 20.3
Necromancy     | 1 2 3 4 5 6 7 8 9 10 11 12 13 14 15 16 | 16.9
Translocations | 1 2 3 4 5 7 8 10 11 12 13 14 15 16 17 18 19 20 21 | 21.7
Fire Magic     | 1 2 3 4 5 6 7 8 9 10 11 12 13 14 15 16 | 16.9
Ice Magic      | 1 2 3 4 5 6 7 8 9 10 11 12 13 14 15 16 | 16.9
Air Magic      | 1 2 3 4 5 6 7 8 9 10 11 12 13 14 15 16 | 16.9
Earth Magic    | 1 2 3 4 5 6 7 8 9 10 11 12 13 14 15 16 | 16.9
Dodging        | 5 6 7 8 9 10 11 12 13 14 15 16 17 18 19 20 | 20.2
Stealth        | 5 6 7 8 9 10 11 12 13 14 15 16 17 18 19 20 | 20.2
Poison Magic   | 6 7 8 9 10 11 12 13 14 15 16 17 | 17.7

Action                     |  1- 3 |  4- 6 |  7- 9 | 10-12 | 13-15 | 16-18 | 19-21 | 22-24 | 25-27 || total
---------------------------+-------+-------+-------+-------+-------+-------+-------+-------+-------++-------
  Melee: Dagger            |    16 |     6 |       |       |       |       |       |       |       ||    22
         Bite              |     2 |     3 |    19 |    93 |   268 |   235 |   491 |   527 |   607 ||  2245
         Short sword       |       |    31 |    22 |   694 |  1444 |  1462 |  2324 |  1120 |       ||  7097
         Rapier            |       |       |   125 |       |       |       |       |       |       ||   125
         Punch             |       |       |     6 |    44 |    14 |       |       |       |       ||    64
         Eudemon blade     |       |       |       |       |       |       |       |  1212 |  2540 ||  3752
  Throw: Stone             |       |     3 |       |       |       |       |       |       |       ||     3
         Dart              |       |       |    22 |     2 |     1 |       |     3 |     1 |       ||    29
         Throwing net      |       |       |       |       |       |     1 |     3 |     4 |     1 ||     9
   Cast: Sting             |    38 |    82 |    62 |       |       |       |       |       |       ||   182
         Poisonous Vapours |     1 |    11 |    46 |    13 |    14 |     5 |       |       |       ||    90
         Magic Dart        |       |     9 |    25 |     5 |     3 |    48 |    16 |    25 |    26 ||   157
         Call Imp          |       |     2 |     5 |       |       |       |       |       |       ||     7
         Mephitic Cloud    |       |       |    11 |    19 |    43 |    18 |     4 |       |       ||    95
         Searing Ray       |       |       |     9 |       |       |       |       |       |       ||     9
         Ensorcelled Hiber |       |       |     6 |    16 |    29 |   122 |    42 |       |       ||   215
         Passwall          |       |       |       |     1 |    17 |    48 |    11 |       |     3 ||    80
         Freezing Cloud    |       |       |       |       |     3 |       |     2 |       |       ||     5
         Ignite Poison     |       |       |       |       |       |     1 |       |       |       ||     1
         Silence           |       |       |       |       |       |       |    62 |    51 |    54 ||   167
         Passage of Golubr |       |       |       |       |       |       |       |       |     1 ||     1
         Malign Gateway    |       |       |       |       |       |       |       |       |     1 ||     1
         Summon Forest     |       |       |       |       |       |       |       |       |     1 ||     1
         Summon Cactus Gia |       |       |       |       |       |       |       |       |     1 ||     1
 Invoke: Curse Item        |       |       |     3 |     4 |     3 |     3 |     3 |     1 |     3 ||    20
         Shatter the Chain |       |       |       |       |     1 |     5 |     1 |     3 |       ||    10
Ability: Evoke Invisibilit |       |       |       |       |     3 |    16 |    13 |     2 |       ||    34
  Evoke: Wand              |       |       |       |     2 |    15 |    11 |     2 |     2 |    21 ||    53
         Box of beasts     |       |       |       |       |       |     1 |     1 |     1 |     1 ||     4
         Phial of floods   |       |       |       |       |       |     1 |       |       |       ||     1
         Condenser vane    |       |       |       |       |       |       |     1 |     2 |     2 ||     5
         Lightning rod     |       |       |       |       |       |       |     1 |     5 |     3 ||     9
    Use: Scroll            |     5 |     1 |     1 |     1 |     7 |    11 |     9 |    12 |     8 ||    55
         Potion            |     1 |     3 |       |     2 |     2 |     4 |     4 |     2 |     9 ||    27
   Stab: Sleeping          |       |     1 |     7 |    40 |    87 |   216 |   162 |    89 |    40 ||   642
         Confused          |       |       |     4 |     9 |    78 |    17 |     3 |       |     1 ||   112
         Distracted        |       |       |       |     1 |     7 |    10 |     7 |    15 |    13 ||    53
         Invisible         |       |       |       |     1 |     4 |    63 |    45 |    25 |       ||   138
         Held in net/web   |       |       |       |       |       |     2 |     2 |     6 |     4 ||    14
 Armour: Robe              |     2 |     7 |    28 |    60 |   105 |    67 |    16 |       |       ||   285
         Fire dragon scale |       |       |       |       |       |       |    99 |   138 |   292 ||   529
  Dodge: Dodged            |    25 |    62 |   139 |   446 |   614 |   449 |   517 |   675 |  1061 ||  3988
  Block: Kite shield       |       |       |       |       |   726 |  1052 |  1811 |  2023 |  2457 ||  8069
